 Dungeon Crawl Stone Soup version 0.18-a0-775-g4d9e04e (webtiles) character file.

3131 Duffy the Geomancer (level 10, 0/80 HPs)
             Began as a Formicid Earth Elementalist on Dec 13, 2015.
             Was a Believer of Vehumet.
             Slain by a vampire mosquito (6 damage)
             ... on level 9 of the Dungeon.
             The game lasted 00:20:05 (10429 turns).

Duffy the Geomancer (Formicid Earth Elementalist)  Turns: 10429, Time: 00:20:05

Health: 0/80       AC:  3    Str: 17    XL:     10   Next: 14%
Magic:  16/20      EV: 17    Int: 19    God:    Vehumet [**....]
Gold:   382        SH:  0    Dex: 18    Spells: 5 memorised, 7 levels left

rFire  . . .     SeeInvis +     b - 107 stones
rCold  . . .     Clarity  .     t - +0 robe
rNeg   . . .     SustAt   +     (no shield)
rPois  .         Gourm    .     (helmet unavailable)
rElec  .         Spirit   .     (no cloak)
rCorr  .         Dismiss  .     (no gloves)
rMut   .         Stasis   +     h - +0 pair of boots
MR     +....                    l - amulet of regeneration
Stlth  +++.......               u - ring of sustain attributes
                                j - +5 ring of strength

@: agile, somewhat resistant to hostile enchantments, fairly stealthy
A: permanent stasis, dig shafts and tunnels, four strong arms, antennae 3, agile
1
a: Dig, Shaft Self, Renounce Religion


You were on level 9 of the Dungeon.
You worshipped Vehumet.
Vehumet was pleased with you.
You were very hungry.

You visited 1 branch of the dungeon, and saw 9 of its levels.
You also visited: Sewer.

You collected 382 gold pieces.


Innate Abilities, Weirdness & Mutations

You are under a permanent stasis effect.
You can dig through walls and to a lower floor.
Your four strong arms can wield two-handed weapons with a shield.
You have a pair of large antennae on your head (SInv).
You are agile. (Dex +2)


   Skills:
 - Level 7.8 Fighting
 - Level 1.7 Dodging
 - Level 2.4 Stealth
 + Level 6.9 Spellcasting
 - Level 4.0 Conjurations
 - Level 1.2 Transmutations
 + Level 10.2 Earth Magic


You had 7 spell levels left.
You knew the following spells:

 Your Spells              Type           Power        Failure   Level  Hunger
a - Sandblast             Erth           #####.       1%          1    None
j - Lee's Rapid Deconstr  Erth           #####.....   4%          5    #####..
l - Stone Arrow           Conj/Erth      ####..       1%          3    #......
r - Regeneration          Chrm/Necr      #.........   34%         3    #......
P - Passwall              Trmt/Erth      ####......   3%          3    #......

Inventory:

Hand Weapons
 a - a +2 dagger of protection
Missiles
 b - 107 stones (in hand)
 A - 39 poisoned needles
Armour
 h - a +0 pair of boots (worn)
 t - a +0 robe (worn)
Jewellery
 j - a +5 ring of strength (left hand)
 l - an amulet of regeneration (around neck)
 u - a ring of sustain attributes (right hand)
Wands
 C - a wand of confusion (48)
 F - a wand of random effects (26)
Scrolls
 e - 4 scrolls of recharging
 k - 3 scrolls of remove curse
 n - 2 scrolls of enchant weapon
 q - a scroll of fog {unknown}
 r - 4 scrolls of amnesia {unknown}
 s - 3 scrolls of fear
 v - a scroll of noise {unknown}
 w - 2 scrolls of magic mapping {unknown}
 E - a scroll of enchant armour {unknown}
 G - 2 scrolls of blinking {unknown}
Potions
 g - 6 potions of curing
 m - a potion of agility
 p - 2 potions of might
 x - a potion of resistance
 B - a potion of heal wounds {unknown}
 D - a potion of lignification {unknown}
 H - 2 potions of flight
 I - a potion of invisibility {unknown}
 J - a potion of brilliance
 K - a potion of cancellation {unknown}
Books
 c - a book of Geomancy
 i - a book of Battle
Comestibles
 d - 4 bread rations
 f - 3 beef jerkies
 o - 2 slices of pizza
 z - 4 meat rations

Dungeon Overview and Level Annotations

Branches:
Dungeon (8/15)             Temple (0/1) D:6
   Lair: D:8-11

Altars:
Ashenzari
Cheibriados
Elyvilon
Trog
Vehumet

Shops:
D:8 %

Annotations:
D:8 Grum


Message History

The rocky blast hits the wolf.
The wolf is lightly wounded.
The wolf bites you. The wolf misses you.
Grum hits you from afar with an enchanted spear!!
Are you sure you want to shaft yourself?
You are feeling very hungry.
The wolf bites you. x3
Grum hits you from afar with an enchanted spear!
You begin to dig a shaft.
You continue digging a shaft.
The wolf closely misses you. The wolf misses you. The wolf closely misses you.
The wolf bites you.
Grum glances around and shouts, "Cujo!
Here boy!"
Grum closely misses you. A shaft appears beneath you!
You fall through a shaft!
The shaft crumbles and collapses. 2 vampire mosquitoes come into view.
Drink which item? (? for menu, Esc to quit)
You feel agile all of a sudden. The vampire mosquito bites you.
Cast which spell? (? or * to list)
Aiming: Sandblast
Press: ? - help, Shift-Dir - straight line, f - vampire mosquito
Aim: a vampire mosquito The rocky blast hits the vampire mosquito.
The vampire mosquito is lightly damaged.
The vampire mosquito misses you. The vampire mosquito bites you.
The vampire mosquito draws strength from your injuries!
Cast which spell? (? or * to list)
Aiming: Sandblast
Press: ? - help, Shift-Dir - straight line, f/p - vampire mosquito
Aim: a vampire mosquito (lightly damaged)
The rocky blast misses the vampire mosquito.
The vampire mosquito bites you.
You die...

#################
........y@.......
........###..####
######..# .# #..#
# #{.# #..# #..#
#yy# #..#


You could see a vampire mosquito.

Action                   |  1- 3 |  4- 6 |  7- 9 | 10-12 || total
-------------------------+-------+-------+-------+-------++-------
Melee: Dagger            |       |    95 |    86 |       ||   181
 Cast: Sandblast         |    67 |   157 |   229 |    21 ||   474
       Stone Arrow       |       |       |    30 |     4 ||    34
 Abil: Dig               |     1 |     2 |       |       ||     3
       Shaft Self        |       |       |       |     1 ||     1
  Use: Scroll            |       |     7 |     8 |       ||    15
       Potion            |       |     2 |       |     1 ||     3
 Stab: Sleeping          |       |     1 |     1 |       ||     2
  Eat: Chunk             |     4 |    11 |    17 |       ||    32

Notes
Turn   | Place    | Note
--------------------------------------------------------------
     0 | D:1      | Duffy the Formicid Earth Elementalist began the quest for the Orb.
     0 | D:1      | Reached XP level 1. HP: 13/13 MP: 3/3
   374 | D:1      | Reached skill level 4 in Earth Magic
   374 | D:1      | Reached XP level 2. HP: 19/19 MP: 3/5
   889 | D:1      | Reached XP level 3. HP: 24/24 MP: 4/6
   989 | D:1      | You fall through a shaft!
  1804 | D:1      | Reached skill level 5 in Earth Magic
  1905 | D:1      | Learned a level 3 spell: Stone Arrow
  1909 | D:1      | Learned a level 3 spell: Passwall
  1987 | D:1      | Reached XP level 4. HP: 22/30 MP: 2/8
  2702 | D:2      | Reached skill level 3 in Spellcasting
  2913 | D:2      | Found a snail-covered altar of Cheibriados.
  3082 | D:3      | Reached XP level 5. HP: 35/35 MP: 6/9
  3455 | D:3      | Reached skill level 6 in Earth Magic
  4177 | D:4      | Reached XP level 6. HP: 41/41 MP: 7/11
  4226 | D:4      | Found a glowing drain.
  4338 | Sewer    | Entered a sewer
  4489 | Sewer    | Reached skill level 4 in Spellcasting
  5156 | Sewer    | Gained mutation: You are agile. (Dex +2) [potion of beneficial mutation]
  5189 | D:4      | Reached skill level 7 in Earth Magic
  5410 | D:4      | Reached XP level 7. HP: 39/46 MP: 8/13
  5562 | D:4      | Reached skill level 1 in Conjurations
  5837 | D:4      | Found a white marble altar of Elyvilon.
  5840 | D:4      | Found a radiant altar of Vehumet.
  5848 | D:4      | Became a worshipper of Vehumet
  5994 | D:5      | Entered Level 5 of the Dungeon
  6068 | D:5      | Reached skill level 2 in Conjurations
  6281 | D:5      | Noticed Blork the orc
  6287 | D:5      | Killed Blork the orc
  6290 | D:5      | Reached skill level 5 in Spellcasting
  6290 | D:5      | Reached skill level 3 in Conjurations
  6290 | D:5      | Reached XP level 8. HP: 31/52 MP: 8/15
  6642 | D:5      | Reached skill level 8 in Earth Magic
  7002 | D:5      | Reached skill level 4 in Conjurations
  7261 | D:6      | Reached * piety under Vehumet
  7261 | D:6      | Offered knowledge of Sting by Vehumet.
  7261 | D:6      | Reached skill level 1 in Fighting
  7305 | D:6      | Reached skill level 2 in Fighting
  7530 | D:6      | Found a shattered altar of Ashenzari.
  7692 | D:6      | Noticed a moth of wrath
  7694 | D:6      | Found a bloodstained altar of Trog.
  7990 | D:6      | Reached skill level 3 in Fighting
  7990 | D:6      | Reached skill level 9 in Earth Magic
  8209 | D:6      | Found a staircase to the Ecumenical Temple.
  8299 | D:6      | Reached XP level 9. HP: 58/64 MP: 13/17
  8358 | D:7      | Reached skill level 4 in Fighting
  8805 | D:7      | Reached skill level 5 in Fighting
  8805 | D:7      | Reached skill level 6 in Spellcasting
  8941 | D:7      | Reached ** piety under Vehumet
  8949 | D:7      | Offered knowledge of Freeze by Vehumet.
  9391 | D:7      | Noticed Menkaure
  9397 | D:7      | Killed Menkaure
  9498 | D:7      | Reached skill level 6 in Fighting
  9817 | D:8      | Found Ovetuvefa's Food Shoppe.
  9930 | D:8      | Offered knowledge of Dazzling Spray by Vehumet.
  9930 | D:8      | Reached skill level 7 in Fighting
 10050 | D:8      | Reached XP level 10. HP: 78/80 MP: 15/19
 10082 | D:8      | Learned a level 5 spell: Lee's Rapid Deconstruction
 10086 | D:8      | Learned a level 3 spell: Regeneration
 10284 | D:8      | Reached skill level 10 in Earth Magic
 10412 | D:8      | Noticed Grum
 10421 | D:8      | You fall through a shaft!
 10429 | D:9      | Slain by a vampire mosquito

Vault maps used:
D:1:      dpeg_arrival_snail, serial_bayou, serial_bayou_lake_a,
          serial_bayou_ford_a, serial_bayou_pond_b, serial_bayou_pond_a
D:2:      cheibriados_altar_1
D:3:      first_bread, minivault_27
D:4:      minitemple, portal_sewer_entry_c
D:5:      uniq_blork_the_orc
D:6:      tgw_trog, minmay_temple_entry_from_below_a, evilmike_ruin_ashenzari
D:7:      minmay_lizard_king, uniq_menkaure
D:8:      serial_shops, nicolae_shop_statue_plus, uniq_grum
D:9:      hangedman_abyss_or_decor_stagger, grunt_pizzeria
Sewer:    sewer_fruit_machine

Vanquished Creatures
  A hungry ghost
  A hippogriff
  A wolf Menkaure
  A soldier ant
  A necrophage
  An eye of draining
  4 ogres
  2 centaurs
  A crocodile Blork the orc
  A giant frog
  6 scorpions
  A water moccasin skeleton
  A wight
  2 crimson imps
  2 giant frog zombies
  6 hounds
  An orc priest
  A centaur skeleton
  2 giant frog skeletons
  A centaur zombie
  4 orc wizards
  3 worker ants
  7 iguanas
  2 hound zombies
  A worker ant zombie
  14 adders
  A river rat
  4 shadow imps
  An adder zombie
  8 oozes
  An adder skeleton
  11 worms
  14 orcs
  4 ball pythons
  16 bats
  10 giant cockroaches
  14 goblins
  5 hobgoblins
  9 jackals
  13 kobolds
  6 quokkas
  11 giant geckos
  13 giant newts
  2 jackal skeletons
  A quokka skeleton
  13 rats
  A plant
228 creatures vanquished.
